Map: Ulrena

Players

Ender

  • Race: Zerg Zerg
  • League: Gold

Grumm - Winner!

  • Race: Protoss Protoss
  • League: Gold

VOD

Have the link to the VOD?

Description

Time

  • Played on: Jan. 8, 2016, 6:43 p.m.
  • Length: 6:23
Show
View Real Time Build Order
Export as new Build Order

Ender Zerg 

Build Orders: Hatch First 

Get SALT Encoding   

  12  0:01  Drone  
  13  0:12  Overlord  
  13  0:17  Drone  
  14  0:31  Drone x2  
  14  0:34  Drone  
  17  0:56  Drone, Hatchery  
  17  1:02  Drone  
  18  1:06  Extractor  
  18  1:07  Drone  
  18  1:21  Spawning Pool  
  18  1:23  Drone  
  18  1:28  Drone  
  19  1:38  Overlord  
  19  1:49  Drone  
  20  2:00  Drone  
  21  2:10  Queen x2  
  21  2:13  Zergling x4  
  27  2:18  Metabolic Boost  
  27  2:24  Extractor  
  27  2:26  Overlord  
  26  2:30  Drone  
  26  2:33  Drone  
  28  2:51  Lair  
  28  2:55  Zergling x6  
  28  2:58  Zergling x2  
  32  3:02  Drone  
  32  3:04  Drone  
  34  3:10  Overlord  
  31  3:24  Zergling x4  
  31  3:25  Zergling x4  
  30  3:51  Drone x2  
  32  3:57  Roach Warren  
  32  3:59  Zergling x10  
  32  4:00  Zergling x2  
  32  4:02  Zergling x2  
  38  4:13  Queen  
  40  4:19  Drone x2  
  40  4:22  Drone  
  43  4:37  Queen  
  44  4:41  Spore Crawler  
  35  4:46  Spore Crawler  
  25  5:09  Drone  
  25  5:10  Drone x2  
  28  5:25  Overlord  
  28  5:34  Spine Crawler  
  27  5:41  Roach  
  29  5:45  Drone  
  21  5:57  Roach  
Show
View Real Time Build Order
Export as new Build Order

Grumm Protoss - Winner!

Build Orders: Oracle Opening 

Get SALT Encoding   

  12  0:01  Probe (Chrono Boost)  
  13  0:12  Probe (Chrono Boost)  
  14  0:19  Pylon  
  14  0:22  Probe (Chrono Boost)  
  15  0:37  Probe (Chrono Boost)  
  15  0:39  Gateway  
  16  0:45  Assimilator  
  16  0:48  Probe (Chrono Boost)  
  17  0:59  Probe (Chrono Boost)  
  18  1:05  Gateway  
  18  1:10  Probe (Chrono Boost)  
  19  1:22  Probe (Chrono Boost)  
  20  1:26  Assimilator, Zealot (Chrono Boost)  
  22  1:33  Pylon  
  22  1:41  Cybernetics Core  
  22  1:49  Probe  
  23  1:57  Zealot (Chrono Boost)  
  25  2:01  Probe  
  25  2:05  Pylon  
  26  2:13  Probe  
  27  2:19  Adept (Chrono Boost)  
  27  2:20  Adept (Chrono Boost)  
  27  2:22  Warp Gate (Chrono Boost)  
  30  2:43  Stargate  
  30  3:02  Nexus  
  30  3:26  Probe  
  27  3:29  Pylon, Zealot  
  27  3:30  Adept  
  31  3:46  Oracle (Chrono Boost)  
  30  3:53  Gateway  
  30  3:55  Pylon  
  30  4:09  Probe  
  31  4:14  Stalker  
  31  4:15  Zealot  
  35  4:25  Probe  
  35  4:27  Probe  
  37  4:50  Probe, Zealot x2  
  37  4:52  Probe  
  43  5:02  Zealot  
  42  5:10  Probe  
  43  5:15  Void Ray (Chrono Boost)  
  43  5:18  Stalker x2  
  51  5:29  Probe  
  51  5:34  Twilight Council, Probe  
  53  5:35  Pylon  
  53  5:57  Probe  
Tags
 
Add a new tag
Caveats
  • Supply blocks, unpowered buildings, or Contaminate may cause inaccurate times.
  • Supply counts are checked every 10 seconds.